 Dungeon Crawl Stone Soup version 0.31.0-11-ge490571c62 (webtiles) character file.

Game seed: 3085169015981105388

60 qw the Shooter (level 3, 0/20 HPs)
             Began as a Deep Elf Hunter on Feb 4, 2024.
             Slain by a ball python (2 damage)
             ... on level 2 of the Dungeon.
             The game lasted 00:00:04 (1256 turns).

qw the Shooter (Deep Elf Hunter)                    Turns: 1256, Time: 00:00:05

Health: 0/20       AC:  3    Str: 10    XL:     3   Next: 80%
Magic:  5/5        EV:  9    Int: 13    God:
Gold:   83         SH:  0    Dex: 18    Spells: 2/2 levels left

rFire   . . .        a - +0 shortbow
rCold   . . .        (shield currently unavailable)
rNeg    . . .        c - +0 leather armour
rPois   .            (no helmet)
rElec   .            (no cloak)
rCorr   .            (no gloves)
SInv    .            (no boots)
Will    .....        (no amulet)
Stlth   ++           (no ring)
HPRegen 0.23/turn    (no ring)
MPRegen 0.09/turn

%: no passive effects
@: constricted
A: no striking features
a: no special abilities


You were on level 2 of the Dungeon.
You visited 1 branch of the dungeon, and saw 2 of its levels.

You collected 83 gold pieces.


   Skills:
 - Level 1.5 Fighting
 + Level 7.3 Ranged Weapons
 - Level 2.4 Dodging
 - Level 1.2 Stealth


You had 2 spell levels left.
You didn't know any spells.
Your spell library was empty.

Inventory:

Hand Weapons
 a - a +0 shortbow (weapon)
Armour
 c - a +0 leather armour (worn)
Scrolls
 b - a scroll of identify {unknown}
Potions
 d - a potion of cancellation {unknown}
 e - a potion of might {unknown}

Dungeon Overview and Level Annotations

Branches:
Dungeon (2/15)

Altars:
Trog


Message History

Found a short sword.
Found a bloodstained altar of Trog.
The bat closely misses you.
1246 ||| READING scroll of teleportation.
As you read the scroll of teleportation, it crumbles to dust.
You feel strangely unstable. The bat closely misses you.
You shoot an arrow. The arrow barely misses the bat.
The bat misses you.
You shoot an arrow. The arrow hits the bat!
You kill the bat!
Your surroundings seem slightly different.
A rat comes into view.
Found 2 stones.
Found a stone staircase leading down.
The rat squeaks loudly.
You shoot an arrow. The arrow hits the rat.
The rat is heavily wounded.
You shoot an arrow.
The arrow barely misses the ball python.
You shoot an arrow.
The arrow barely misses the ball python.
You shoot an arrow. The arrow hits the ball python.
The ball python is moderately wounded.
The ball python misses you. The ball python grabs you.
The ball python constricts you.
You shoot an arrow.
The arrow closely misses the ball python.
The ball python barely misses you. The ball python constricts you.
The rat bites you but does no damage. The ball python closely misses you.
The ball python constricts you.
You shoot an arrow.
The arrow closely misses the ball python.
The rat bites you but does no damage. The ball python barely misses you.
The ball python constricts you. The rat barely misses you.
You shoot an arrow.
The arrow barely misses the ball python.
The ball python bites you. The ball python constricts you. The rat bites you.
You shoot an arrow.
The arrow barely misses the ball python.
The ball python bites you.
You die...

....#......##...#.# #.
....#.####..#####.##
.####...###..>.....#####
........................
S#########.............#
. ............... .
............... #
.......S.......
......r@.......
...............
.............(.
#.............#
##...........##
#.#.._..##### #.#.....#
# #..)..# #....####


You could see a ball python and a rat.

Vanquished Creatures
  2 adders (D:2)
  2 dart slugs
  2 ball pythons
  5 endoplasms
  2 giant cockroaches (D:1)
  4 goblins
  2 hobgoblins (D:1)
  3 kobolds
  9 bats
  A frilled lizard (D:1)
  4 rats
36 creatures vanquished.

Notes
Turn   | Place    | Note
-------+----------+-------------------------------------------
     0 | D:1      | qw the Deep Elf Hunter began the quest for the Orb.
     0 | D:1      | Reached XP level 1. HP: 12/12 MP: 3/3
     0 | D:1      | 0 ||| qw: Version: 0.3-a-160-g6735b56
     0 | D:1      | 0 ||| qw: Game counter: 4345
     0 | D:1      | 0 ||| qw: Melee chars always use a shield: true
     0 | D:1      | 0 ||| qw: God list: Okawaru
     0 | D:1      | 0 ||| qw: Allow faded altars: false
     0 | D:1      | 0 ||| qw: Do Orc after clearing Dungeon:15 true
     0 | D:1      | 0 ||| qw: Do second Lair branch before Depths: true
     0 | D:1      | 0 ||| qw: Lair rune preference: random
     0 | D:1      | 0 ||| qw: Goals: Normal
     0 | D:1      | 0 ||| PLANNING D:1-11
    52 | D:1      | Reached XP level 2. HP: 16/16 MP: 4/4
    58 | D:1      | Reached skill level 6 in Ranged Weapons
   874 | D:1      | 874 ||| DROPPING ring of wizardry.
   875 | D:1      | 875 ||| READING 2 scrolls labelled PIMEYN CUUC.
   878 | D:1      | 878 ||| READING scroll labelled CUOHOV DURAITH.
   879 | D:1      | 879 ||| DROPPING scroll of butterflies.
   887 | D:2      | 887 ||| STAIRDANCE
   968 | D:2      | Reached XP level 3. HP: 20/20 MP: 5/5
  1090 | D:2      | Reached skill level 7 in Ranged Weapons
  1129 | D:2      | 1129 ||| FLEEEEING.
  1130 | D:2      | 1130 ||| FLEEEEING.
  1241 | D:2      | HP: 5/20 [adder (3)]
  1242 | D:2      | 1242 ||| READING 2 scrolls of teleportation.
  1243 | D:2      | HP: 2/20 [adder (1)]
  1245 | D:2      | Found a bloodstained altar of Trog.
  1246 | D:2      | 1246 ||| READING scroll of teleportation.
  1255 | D:2      | HP: 4/20 [ball python (1)]
  1256 | D:2      | Slain by a ball python

Levels and vault maps discovered:
D:1:      wheals_arrival_shading, layout_basic
D:2:      layout_rooms, basic_altar

Skill      XL: |  1  2  3 |
---------------+----------+-----
Ranged Weapons | 6 7 |  7.3
Fighting       | |  1.5
Dodging        | |  2.4
Stealth        | |  1.2

Action                     || total
---------------------------++-------
   Fire: Shortbow          ||   113
    Use: Scroll            ||     4
 Armour: Leather armour    ||    37
  Dodge: Dodged            ||    39

Table legend:
 A = Non-vault XP
 B = Vault XP
 C = Vault XP percentage of total XP
 D = Non-vault monster count
 E = Vault monster count
 F = Vault count percentage of total count
                 A         B        C        D         E       F
            +---------+---------+-------+---------+---------+-------
      Total |      86 |       0 |   0.0 |      36 |       0 |   0.0
            +---------+---------+-------+---------+---------+-------
        D:1 |      36 |       0 |   0.0 |      21 |       0 |   0.0
        D:2 |      50 |       0 |   0.0 |      15 |       0 |   0.0
            +---------+---------+-------+---------+---------+-------
